 Dungeon Crawl Stone Soup version 0.28-a0-1002-gf00fe891ef (webtiles) character file.

Game seed: 7312606900082524269

632 varasat the Chopper (level 7, -8/61 HPs)
             Began as a Hill Orc Fighter on Dec 6, 2021.
             Killed by divine providence
             ... invoked by an orc priest
              (12 damage)
             ... on level 6 of the Dungeon.
             The game lasted 00:22:03 (2991 turns).

varasat the Chopper (Hill Orc Fighter)              Turns: 2991, Time: 00:22:04

Health: -8/61      AC: 17    Str: 21      XL:     7   Next: 49%
Magic:  16/16      EV:  6    Int:  7 (8)  God:
Gold:   73         SH:  0    Dex:  9 (10) Spells: 6/6 levels left

rFire   . . .      SeeInvis .   t - +0 scythe (venom) {Wafflemaker}
rCold   . . .      Faith    .   (shield currently unavailable)
rNeg    . . .      Spirit   .   e - +0 plate armour
rPois   .          Reflect  .   (no helmet)
rElec   .          Harm     .   C - +2 cloak
rCorr   .          Rampage  .   u - +0 pair of gloves
Will    .....                   (no boots)
Stlth   ..........              (no amulet)
HPRegen 0.20/turn               m - ring of magical power
MPRegen 0.15/turn               (no ring)

@: no status effects
A: no striking features
a: Convert to Beogh


You were on level 6 of the Dungeon.
You visited 1 branch of the dungeon, and saw 6 of its levels.

You collected 73 gold pieces.

Inventory:

Hand Weapons
 a - a +0 war axe
 d - a +0 hand axe
 f - a +0 war axe
 j - a +0 club
 n - a +0 short sword
 p - a +0 flail
 r - a +0 hunting sling
 t - a +0 scythe of venom (weapon) {Wafflemaker}
 F - a +0 giant club
Missiles
 h - 72 arrows
 o - 88 stones (quivered)
 v - 5 javelins
 y - 4 large rocks
Armour
 b - a +0 scale mail
 c - a +0 buckler
 e - a +0 plate armour (worn)
 g - a +0 robe
 i - a +0 leather armour
 k - a +0 ring mail
 q - a +0 scale mail
 u - a +0 pair of gloves (worn)
 C - a +2 cloak (worn)
Magical Staves
 l - a staff of air
Jewellery
 m - a ring of magical power (left hand)
 D - an amulet of reflection
Wands
 s - a wand of digging (6)
Scrolls
 x - a scroll of holy word
 B - a scroll of silence
 E - a scroll of noise {unknown}
 G - a scroll of identify
 H - 2 scrolls of enchant weapon {unknown}
 I - a scroll of magic mapping {unknown}
Potions
 w - 2 potions of might
 z - a potion of flight
 A - a potion of brilliance


   Skills:
 + Level 5.6 Fighting
 + Level 5.7(6.3) Axes
 + Level 3.1(4.4) Polearms
 + Level 5.6 Armour
 + Level 0.2 Dodging
 + Level 4.2 Shields


You had 6 spell levels left.
You didn't know any spells.
Your spell library contained the following spells:

 Spells                   Type           Power      Damage    Failure   Level
 Ensorcelled Hibernation  Hex/Ice        0%         N/A       100%        2
 Spider Form              Tmut/Pois      0%         N/A       100%        3


Dungeon Overview and Level Annotations

Branches:
Dungeon (6/15)
 Temple: D:4-7

Altars:
Kikubaaqudgha
Vehumet

Shops:
D:1 *   D:5 *:


Message History

The orc hits you but does no damage. x2; The orc hits you with a +0 club.
* * * LOW HITPOINT WARNING * * *
You closely miss the orc.
A boulder beetle comes into view.
The orc hits you but does no damage.
The kobold demonologist miscasts a cantrip.
The orc hits you but does no damage. The orc barely misses you.
The boulder beetle curls into a ball and begins rolling!
The orc hits you but does no damage. The orc barely misses you.
The orc hits you with a +0 club.
* * * LOW HITPOINT WARNING * * *
The orc hits you but does no damage.
A hound comes into view.
The orc hits you but does no damage.
A jelly comes into view.
The orc hits you but does no damage.
A jelly comes into view.
The sentinel's mark upon you fades away.
The orc hits you but does no damage.
An orc comes into view. It is wielding a +0 flail.
An orc wizard comes into view. It is wielding a +0 dagger.
The boulder beetle stops rolling and uncurls.
The bullfrog hits you but does no damage.
The orc priest miscasts a cantrip.
The orc priest shouts, "Surrender to Beogh and we'll let you live!" (press Y on the ability menu to convert to Beogh)
There are monsters nearby!
You slash the orc!
You kill the orc!
The bullfrog hits you.
* * * LOW HITPOINT WARNING * * *
The orc wizard casts a spell.
The orc wizard flickers and vanishes!
Deactivating autopickup; reactivate with Ctrl-A.
The orc hits you with a +0 hand axe.
* * * LOW HITPOINT WARNING * * *
The orc hits you but does no damage.
The orc priest mumbles some strange prayers to Beogh against you.
Beogh smites you!
You die...

#o .. #. #.. #.##
##...#o.#
≈≈≈≈≈##.########
#...#.JJ......####
#####....Zoo.......
o..○....°Khoo..####
#####....FB@......{
#.....o....####
#......>...#
#..<.......#
############


You could see a boulder beetle, a kobold demonologist, a bullfrog, a hound, 2
jellies, an orc priest, 5 orcs and a bullfrog skeleton.

Vanquished Creatures
  Sigmund (D:2)
  An ogre (D:5)
  A centaur (D:5)
  A scorpion (D:5)
  2 centaur skeletons
  A hound (D:4)
  Terence (D:2)
  8 adders
  2 worms (D:2)
  7 orcs
  3 ball pythons
  4 bats
  5 endoplasms
  3 giant cockroaches
  3 goblins
  6 hobgoblins
  8 jackals
  A quokka (D:1)
  3 frilled lizards
  3 kobolds
  7 rats
71 creatures vanquished.

Notes
Turn   | Place    | Note
-------+----------+-------------------------------------------
     0 | D:1      | varasat the Hill Orc Fighter began the quest for the Orb.
     0 | D:1      | Reached XP level 1. HP: 19/19 MP: 1/1
   307 | D:1      | Reached XP level 2. HP: 27/27 MP: 2/2
   637 | D:1      | Found Eczy's Assorted Antiques.
   652 | D:1      | Found a faded altar of an unknown god.
   856 | D:2      | Reached XP level 3. HP: 33/33 MP: 3/3
   916 | D:2      | Noticed Terence
   927 | D:2      | Reached XP level 4. HP: 41/41 MP: 4/4
   938 | D:2      | Killed Terence
   972 | D:2      | Noticed Sigmund
  1003 | D:2      | Killed Sigmund
  1004 | D:2      | Reached skill level 5 in Axes
  1004 | D:2      | Reached XP level 5. HP: 4/47 MP: 5/5
  1004 | D:2      | Reached XP level 6. HP: 5/55 MP: 6/6
  1313 | D:2      | Found a radiant altar of Vehumet.
  1839 | D:3      | Reached skill level 5 in Fighting
  2009 | D:3      | Reached skill level 1 in Polearms
  2664 | D:5      | Entered Level 5 of the Dungeon
  2678 | D:5      | Found an ancient bone altar of Kikubaaqudgha.
  2793 | D:5      | Reached skill level 5 in Armour
  2793 | D:5      | Reached XP level 7. HP: 47/61 MP: 7/7
  2851 | D:5      | Found Nuveesex's Assorted Antiques.
  2856 | D:5      | Found Dutez's Book Boutique.
  2981 | D:6      | Noticed a kobold demonologist
  2986 | D:6      | Noticed a boulder beetle
  2991 | D:6      | Killed from afar by an orc priest

Illustrated notes

Levels and vault maps discovered:
D:1:      sevenhm_arrival_forest_fort_small_3, layout_basic,
          basic_ecumenical_altar, serial_shops, shop, chequers_garden
D:2:      layout_rooms, basic_altar, uniq_sigmund, uniq_terence
D:3:      layout_basic, amcnicky_altar_gilded
D:4:      layout_basic, slow_altar_1, corexii_corridor_pit
D:5:      layout_basic, kiku_gazebo_pond_becter, serial_shops,
          nicolae_shop_trees, nicolae_stop_n_shop_1, glass_columns_a
D:6:      layout_rooms, tgw_fedhas, minmay_temple_entry_wispy, serial_rivers,
          chequers_serial_rivers_micro_b, chequers_serial_rivers_micro_e,
          chequers_serial_rivers_micro_e, chequers_serial_rivers_micro_b,
          chequers_serial_rivers_small_b, chequers_serial_rivers_large_a,
          kb_rosetta, uniq_duvessa

Skill      XL: |  1  2  3  4  5  6  7 |
---------------+----------------------+-----
Fighting       | 4 5 |  5.6
Axes           | 3 5 |  5.7
Armour         | 4 5 |  5.6
Shields        | 4 |  4.2
Polearms       | 2 3 |  3.1
Dodging        | |  0.2

Action                   |  1- 3 |  4- 6 |  7- 9 || total
-------------------------+-------+-------+-------++-------
Melee: War axe           |    57 |    35 |       ||    92
       Scythe            |       |   146 |    35 ||   181
  Use: Scroll            |       |     7 |       ||     7
       Potion            |       |     3 |       ||     3
Armor: Plate armour      |    71 |   334 |    77 ||   482
Dodge: Dodged            |    25 |   151 |    27 ||   203
Block: Buckler           |    12 |     8 |       ||    20

Table legend: (Time is in decaauts)
 A = Elapsed time spent in this place.
 B = Non-inter-level travel time spent in this place.
 C = Inter-level travel time spent in this place.
 D = Time resting spent in this place.
 E = Time spent auto-exploring this place.
 F = Levels seen in this place.
 G = Mean time per level.
                   A        B        C        D        E       F      G
               +--------+--------+--------+--------+--------+-----+--------+
         Total |   3175 |   3175 |      0 |      0 |     74 |   6 |  529.2 |
       Dungeon |   3175 |   3175 |      0 |      0 |     74 |   6 |  529.2 |
               +--------+--------+--------+--------+--------+-----+--------+

Top non-repeatable levels by time:
     D:2: 913 daAuts
     D:1: 857 daAuts
     D:3: 720 daAuts
     D:5: 332 daAuts
     D:4: 324 daAuts
     D:6: 26 daAuts
